Map: 파라 사이트 - 래더

Players

Maru - Winner!

  • Race: Terran Terran
  • League: Master
  • Spawn Location: 11:00

soO

  • Race: Zerg Zerg
  • Spawn Location: 5:00

Event: IEM Season 13 - Katowice Server Qualifiers America

VOD

Have the link to the VOD?

Description

Time

  • Played on: Jan. 6, 2019, 7:10 p.m.
  • Length: 5:54

All games in this series

Show
View Real Time Build Order
Export as new Build Order

Maru Terran - Winner!

Build Orders: Gas First Reaper Expand 

Get SALT Encoding   

  12  0:00  SCV  
  13  0:12  SCV  
  14  0:17  Supply Depot  
  14  0:24  SCV  
  15  0:29  Refinery  
  15  0:38  SCV  
  16  0:43  Barracks  
  16  0:50  SCV  
  17  1:02  SCV  
  18  1:15  SCV  
  19  1:30  Reaper, Orbital Command  
  20  1:40  Command Center  
  20  1:50  Factory  
  20  1:55  SCV  
  21  2:03  Refinery  
  21  2:06  Barracks Reactor  
  21  2:07  SCV  
  22  2:11  Supply Depot  
  22  2:19  SCV  
  22  2:31  SCV  
  23  2:39  Starport  
  23  2:43  SCV  
  24  2:47  Hellion  
  28  2:53  Marine  
  28  2:55  SCV  
  28  2:57  Bunker  
  29  3:08  SCV  
  29  3:09  Factory Tech Lab  
  23  3:16  Viking  
  21  3:20  SCV  
  21  3:23  Marine  
  21  3:28  Cyclone  
  21  3:32  SCV  
  24  3:43  Marine  
  25  3:54  Supply Depot  
  21  4:10  Starport Tech Lab  
  21  4:16  SCV  
  21  4:18  Factory Tech Lab  
  22  4:36  Supply Depot  
  22  4:42  Supply Depot  
  22  4:44  SCV  
  22  4:55  Marine  
  22  4:57  Banshee  
  22  4:58  SCV  
  27  5:02  Cyclone  
  30  5:13  Marine, SCV  
  32  5:25  SCV  
  33  5:37  SCV  
  33  5:40  Supply Depot  
Show
View Real Time Build Order
Export as new Build Order

soO Zerg 

Build Orders: Pool Only, Ravager All-In 

Get SALT Encoding   

  12  0:16  Spawning Pool  
  11  0:21  Drone  
  11  0:26  Drone  
  13  0:30  Drone  
  14  0:40  Extractor, Drone  
  14  0:45  Extractor  
  14  0:46  Drone  
  14  1:03  Roach Warren, Zergling x2  
  14  1:09  Overlord  
  14  1:26  Overlord  
  14  1:43  Roach x2  
  20  1:54  Roach  
  20  2:04  Roach  
  24  2:08  Ravager x2  
  24  2:16  Ravager  
  25  2:28  Roach  
  27  2:36  Roach  
  29  2:41  Overlord  
  28  2:55  Overlord  
  25  3:19  Roach x2  
  29  3:35  Ravager x3  
  29  3:37  Roach  
  34  3:44  Roach  
  36  3:57  Roach  
  32  4:26  Roach x2  
  34  4:31  Ravager x2  
  34  4:36  Roach  
  37  4:42  Ravager  
  38  4:51  Overlord  
  38  5:11  Ravager  
  38  5:12  Roach x2  
  43  5:15  Roach  

Tags
 
Add a new tag
Caveats
  • Supply blocks, unpowered buildings, or Contaminate may cause inaccurate times.
  • Supply counts are checked every 10 seconds.